 Dungeon Crawl Stone Soup version 0.31-a0-236-g9a0961fb85 (webtiles) character file.

Game seed: 17746574277619507558

56 qw the Shooter (level 3, 0/21 HPs)
             Began as a Gargoyle Hexslinger on July 10, 2023.
             Slain by a gnoll
             ... wielding a +0 spear
              (2 damage)
             ... on level 2 of the Dungeon.
             The game lasted 00:00:30 (1083 turns).

qw the Shooter (Gargoyle Hexslinger)                Turns: 1083, Time: 00:00:31

Health: 0/21       AC: 10    Str: 11    XL:     3   Next: 95%
Magic:  4/4        EV: 10    Int: 13    God:
Gold:   79         SH:  0    Dex: 14    Spells: 3/4 levels left

rFire   + . .        Y - +1 sling (drain)
rCold   . . .        (no shield)
rNeg    + . .        b - +0 ring mail of the Dice {Fly rF+ rCorr}
rPois   inf          (no helmet)
rElec   +            (no cloak)
rCorr   +            h - +1 pair of gloves
SInv    .            (no boots)
Will    .....        (no amulet)
Stlth   +            (no ring)
HPRegen 0.23/turn    (no ring)
MPRegen 0.09/turn

%: no passive effects
@: about to teleport, flying
A: sickness immunity, AC +3, negative energy resistance 1, electricity
resistance, torment resistance 1, petrification resistance
a: no special abilities


You were on level 2 of the Dungeon.
You visited 1 branch of the dungeon, and saw 2 of its levels.

You collected 79 gold pieces.


Innate Abilities, Weirdness & Mutations

You are immune to sickness and miasma.
Your stone body is resilient. (AC +3)
You are immune to poison.
You resist negative energy. (rN+)
You are resistant to electric shocks. (rElec)
You are resistant to unholy torment.
You are immune to petrification.


   Skills:
 - Level 2.0 Fighting
 + Level 3.4 Ranged Weapons
 - Level 1.5 Armour
 - Level 1.5 Dodging
 - Level 1.0 Spellcasting
 - Level 2.6 Hexes


You had 3 spell levels left.
You knew the following spells:

 Your Spells              Type           Power      Damage    Failure   Level
a - Slow                  Hex            28%        N/A       22%         1

Your spell library contained the following spells:

 Spells                   Type           Power      Damage    Failure   Level
 Inner Flame              Hex/Fire       4%         N/A       75%         3
 Portal Projectile        Hex/Tloc       8%         N/A       75%         3
 Cause Fear               Hex            3%         N/A       91%         4

Inventory:

Hand Weapons
 Y - a +1 sling of draining (weapon)
Armour
 b - the +0 ring mail of the Dice (worn) {Fly rF+ rCorr}
   (You found it on level 2 of the Dungeon)

   rF:        It protects you from fire.
   Fly:       It grants you flight.
   rCorr:     It protects you from acid and corrosion.
 h - a +1 pair of gloves (worn)
Jewellery
 a - an amulet of regeneration
Scrolls
 g - a scroll of teleportation
Potions
 d - a potion of ambrosia {unknown}
 e - a potion of lignification {unknown}
 j - a potion of haste {unknown}
 l - a potion of curing

Dungeon Overview and Level Annotations

Branches:
Dungeon (2/15)

Altars:

Shops:
D:2 :


Message History

The gnoll shouts!
The sling bullet hits the gnoll.
You drain the gnoll.
The gnoll is heavily wounded.
The bat closely misses you. The bat hits you but does no damage.
The gnoll barely misses you. The gnoll misses you. The bat closely misses you.
You shoot a sling bullet. The sling bullet hits the gnoll.
The gnoll is almost dead.
The bat hits you but does no damage. The gnoll hits you but does no damage.
The gnoll closely misses you. The rat barely misses you.
The bat barely misses you. The gnoll barely misses you.
The rat bites you but does no damage. The gnoll closely misses you.
You shoot a sling bullet. The sling bullet hits the gnoll.
You kill the gnoll!
The bat hits you but does no damage. x2; The gnoll barely misses you.
The rat closely misses you.
Your Armour skill increases to level 1!
You shoot a sling bullet.
The sling bullet barely misses the worm.
The sling bullet hits the gnoll.
The gnoll is heavily wounded.
The bat hits you but does no damage. The rat bites you but does no damage.
The gnoll hits you from afar with a +0 spear.
The bat hits you but does no damage. The worm bites you!
You shoot a sling bullet. The sling bullet hits the worm.
The worm is moderately wounded.
The bat hits you but does no damage. The bat barely misses you.
The gnoll closely misses you. The rat bites you.
The worm bites you but does no damage. The gnoll closely misses you.
The rat barely misses you.
The gnoll throws a stone.
The stone hits you.
1082 ||| READING 2 scrolls of teleportation.
As you read the scroll of teleportation, it crumbles to dust.
You feel strangely unstable. The bat misses you.
The gnoll hits you but does no damage. The rat closely misses you.
You shoot a sling bullet. The sling bullet hits the worm.
You drain the worm.
The worm is heavily wounded.
The bat hits you but does no damage. The bat closely misses you.
The worm bites you but does no damage. The gnoll barely misses you.
The gnoll hits you from afar with a +0 spear.
You die...

..... .. .... ...
##......... .... ....
.........## #..##..
#.........####.....
###..........#..g..##
#.....%....<...#wr..#
#..............b@g#.#
#...........####....#
...........### #.#..##
.............# #.#...##
...........#.###.#.#..###
...........#...#........#
..........<##..\........#
........................#
............######.#....#


You could see a worm (drained), 2 gnolls, a bat and a rat.

Vanquished Creatures
  A gnoll (D:2)
  2 worms
  6 dart slugs
  3 endoplasms (D:1)
  A giant cockroach (D:1)
  3 goblins (D:1)
  3 hobgoblins (D:1)
  2 ball pythons (D:1)
  2 frilled lizards
  2 kobolds
  6 rats (D:1)
31 creatures vanquished.

Notes
Turn   | Place    | Note
-------+----------+-------------------------------------------
     0 | D:1      | qw the Gargoyle Hexslinger began the quest for the Orb.
     0 | D:1      | Reached XP level 1. HP: 12/12 MP: 2/2
     0 | D:1      | 0 ||| qw: Version: 0.3-a-52-g30416fa
     0 | D:1      | 0 ||| qw: Game counter: 4706
     0 | D:1      | 0 ||| qw: Melee chars always use a shield: true
     0 | D:1      | 0 ||| qw: God list: Okawaru
     0 | D:1      | 0 ||| qw: Allow faded altars: false
     0 | D:1      | 0 ||| qw: Do Orc after clearing Dungeon:15 true
     0 | D:1      | 0 ||| qw: Do second Lair branch before Depths: true
     0 | D:1      | 0 ||| qw: Lair rune preference: random
     0 | D:1      | 0 ||| qw: Goals: Normal
     0 | D:1      | 0 ||| PLANNING D:1-11
    92 | D:1      | Reached XP level 2. HP: 16/16 MP: 3/3
   167 | D:1      | Reached skill level 3 in Ranged Weapons
   258 | D:1      | 258 ||| FLEEEEING.
   259 | D:1      | 259 ||| FLEEEEING.
   332 | D:1      | Reached XP level 3. HP: 18/21 MP: 4/4
   954 | D:1      | 954 ||| UPGRADING to +1 pair of gloves.
   959 | D:1      | 959 ||| UPGRADING to +0 ring mail.
   969 | D:1      | 969 ||| DROPPING +0 robe.
   970 | D:1      | 970 ||| READING scroll labelled NIV KYCRUSHRAN.
   971 | D:1      | 971 ||| READING 2 scrolls labelled QAUZ MUBLUACISM.
   974 | D:1      | 974 ||| READING scroll labelled PEEQIO WUDEMO.
   975 | D:1      | 975 ||| READING scroll labelled GYDDITHR OGORCH.
   976 | D:1      | 976 ||| DRINKING 2 murky red potions.
   977 | D:1      | 977 ||| DROPPING scroll of poison.
  1038 | D:2      | Identified the +0 ring mail of the Dice {Fly rF+ rCorr}
  1044 | D:2      | Found Harreigi's Book Emporium.
  1050 | D:2      | 1050 ||| UPGRADING to +0 ring mail of the Dice {Fly rF+
                  | rCorr}.
  1060 | D:2      | 1060 ||| DROPPING +0 ring mail.
  1080 | D:2      | Reached skill level 1 in Armour
  1081 | D:2      | HP: 4/21 [rat (2)]
  1081 | D:2      | HP: 1/21 [gnoll/stone (3)]
  1082 | D:2      | 1082 ||| READING 2 scrolls of teleportation.
  1083 | D:2      | Slain by a gnoll

Levels and vault maps discovered:
D:1:      dpeg_chamrin_arrival_tetris, layout_basic, nicolae_wormholes
D:2:      cheibrodos_greedy_goblins, layout_rooms, serial_shops, shop,
          basic_altar

Skill      XL: |  1  2  3 |
---------------+----------+-----
Ranged Weapons | 3 |  3.4
Fighting       | 2 |  2.0
Armour         | 1 |  1.5
Dodging        | |  1.5
Spellcasting   | |  1.0
Hexes          | |  2.6

Action                     || total
---------------------------++-------
   Fire: Sling             ||   112
    Use: Scroll            ||     5
         Potion            ||     1
 Armour: Robe              ||     6
         Ring mail         ||    16
  Dodge: Dodged            ||    38

Table legend:
 A = Non-vault XP
 B = Vault XP
 C = Vault XP percentage of total XP
 D = Non-vault monster count
 E = Vault monster count
 F = Vault count percentage of total count
                 A         B        C        D         E       F
            +---------+---------+-------+---------+---------+-------
      Total |      70 |      10 |  12.5 |      29 |       2 |   6.5
            +---------+---------+-------+---------+---------+-------
        D:1 |      50 |       5 |   9.1 |      25 |       1 |   3.8
        D:2 |      20 |       5 |  20.0 |       4 |       1 |  20.0
            +---------+---------+-------+---------+---------+-------
